← All builds
Suicide front / Armada / Economy first / OBSERVED BUILD

Mace bot assault

Armada Suicide front build order · Supreme Isthmus

An economy-first start rushes Mace out of the Bot Lab from around 2:02, well ahead of the role's norm, to push a stronger bot assault into the middle before shifting to the usual mixed army.

#rush #push · 108 distinct matches · 30 players · 3% of Armada Suicide front games · team won 53% of 110 · Recently observed

THE CATCH, AND WHAT COMES WITH IT
  • MaceT1 bot assault from 2:02 · 11% of role by thenFrom the Bot Lab. Only 11% of Suicide front games have it by then; others who build it get it around 2:10
  • MaceMace in 85%5% of all Suicide front games by then

Where those units first fight, in 110 games with kill data: in the middle 98%.

Those units destroy a typical 2,880 metal of enemy units by 15:00.

Then transitions into rocketeer (8% of army).

HOW TO PLAY IT

Key timing: Mace by 2:03

  1. Open single mex straight into Bot Lab by 0:44.
  2. Grab more mex and wind while lab keeps producing.
  3. Push Mace-led bot assault into middle ahead of schedule.
  4. Keep reinforcing with Mace, add Centurion for anti-swarm.
  5. Transition into usual Centurion/Blitz mix with T2 cons.

Phase by phase

TYPICAL OF ITS 108 GAMES · AGAINST STANDARD SUICIDE FRONT
  1. 1
  2. 2
  3. 3
  4. 4
PLAY THE OPENING

Follow the example game's first 6:00 step by step: what to build now, what comes next, and where it goes. At 1× it keeps pace with your own game.

  1. 1

    Up to the Bot Lab

    Economy
    • Metal Extractor2Mex
    Order
    1. Bot LabBot Lab after 2 mexdone ~0:42, middle half 0:27–0:58

    Some games also: Sentry (33%)

    By 0:25 in all: 2 mex

    The example game in this phase · 1 step
    1. Bot LabBot Labdone 0:20 · typical 0:42
  2. 2

    Bot Lab to T1 bot assault

    Economy
    • Metal Extractor2Mex
    Order
    1. MaceT1 bot assault after 3 mex, 1 wind
    Builders
    • Construction Bot2 Con bot
    • Lazarus2 Lazarus
    Army
    • Sentry1 Sentry
    • Centurion1 Centurion

    Some games also: wind (43%) · Radar Tower (42%) · tick (35%)

    By 2:02 in all: 3 mex · 1 wind

    The example game in this phase · 20 steps
    1. TickTickfor Pond
    2. Wind
    3. TickTick
    4. LazarusLazarus
    5. Wind
    6. Construction BotCon bot
    7. Mex
    8. Construction BotCon bot
    9. LazarusLazarus
    10. CenturionCenturion
    11. Mex
    12. Construction BotCon bot
    13. SentrySentry ×2
    14. Construction BotCon bot
    15. LazarusLazarus
    16. SentrySentry
    17. PawnPawn ×2
    18. BeamerBeamer
    19. PawnPawn
    20. MaceMacedone 3:22
  3. 3

    T1 bot assault to 5:00

    Economy
    • Metal Extractor2Mex
    • Wind Turbine5Wind+2 vs standard
    Builders
    • Construction Bot1 Con bot
    • Lazarus1 Lazarus
    Army
    • Sentry2 Sentry
    • Mace11 Mace +11 vs standard

    Some games also: Radar Tower (45%) · con turret (44%) · Beamer (43%)

    The standard build makes here, this one skips: 15 rocketeer

    By 5:00 in all: 5 mex · 6 wind (standard 4)

    The example game in this phase · 6 steps
    1. Mex ×2
    2. MaceMace ×2
    3. Converter
    4. MaceMace ×2
    5. LazarusLazarus
    6. Converter
  4. 4

    5:00 to 10:00

    Economy
    • Metal Extractor1Mex
    • Wind Turbine16Wind
    Builders
    • Construction Turret2 Con turret
    • Lazarus3 Lazarus
    Army
    • Mace12 Mace +12 vs standard

    Some games also: con bot (38%) · Sentry (35%) · rocketeer (34%) · Radar Tower (34%) · Beamer (33%)

    The standard build makes here, this one skips: 8 rocketeer

    By 10:00 in all: 6 mex · 21 wind · 2 con turret

    The example game in this phase · 133 steps
    1. MaceMace ×4
    2. LazarusLazarus
    3. MaceMace
    4. CenturionCenturion
    5. MaceMace ×2
    6. LazarusLazarus
    7. Con turret
    8. MaceMace
    9. Mex
    10. CenturionCenturion
    11. MaceMace ×2
    12. Con turret
    13. LazarusLazarus
    14. Wind
    15. MaceMace
    16. Con turret
    17. Wind
    18. MaceMace
    19. Wind
    20. MaceMace
    21. Wind
    22. LazarusLazarus
    23. Wind
    24. MaceMace
    25. Con turret
    26. Wind ×2
    27. MaceMace
    28. Wind
    29. LazarusLazarus
    30. Con turret ×2
    31. Construction BotCon bot
    32. Wind ×2
    33. Construction BotCon bot
    34. Wind ×10
    35. Advanced Metal ExtractorT2 mexdone 10:04 · typical 10:25
    36. Wind ×4
    37. Advanced Metal ExtractorT2 mex
    38. Wind ×2
    39. Con turret
    40. Wind ×2
    41. Advanced Metal ExtractorT2 mex
    42. Bot LabEat Bot Labreclaimed for its metal
    43. Wind
    44. Con turret
    45. Wind ×8
    46. Converter
    47. Wind
    48. Converter
    49. Wind
    50. Converter
    51. Con turret
    52. Wind
    53. Converter
    54. Wind
    55. Advanced Metal ExtractorT2 mex
    56. Converter
    57. Wind
    58. Converter
    59. Wind
    60. Converter
    61. Wind
    62. Converter
    63. Wind
    64. Converter
    65. Wind ×2
    66. Con turret
    67. Wind ×2
    68. Con turret
    69. Energy storage
    70. Converter ×2
    71. Con turret
    72. Converter ×2
    73. Dragon's TeethDragon's Teeth
    74. RattlesnakeRattlesnakedone 13:22
    75. Wind
    76. Converter
    77. Dragon's TeethDragon's Teeth ×2
    78. Converter
    79. Dragon's TeethDragon's Teeth ×2
    80. Converter
    81. Dragon's TeethDragon's Teeth
    82. Converter
    83. Dragon's TeethDragon's Teeth
    84. Converter
    85. Dragon's TeethDragon's Teeth
    86. Wind
    87. Dragon's TeethDragon's Teeth
    88. Wind
    89. Dragon's TeethDragon's Teeth
    90. Con turret
    91. Wind ×8
    92. Con turret
    93. Wind ×7
    94. Con turret
    95. Wind ×3
    96. Pit BullPit Bull
    97. Vehicle PlantVehicle Plantdone 13:45
    98. Wind ×5
    99. Dragon's TeethDragon's Teeth
    100. Wind
    101. Dragon's TeethDragon's Teeth
    102. Wind
    103. Dragon's TeethDragon's Teeth
    104. Wind ×2
    105. Dragon's TeethDragon's Teeth ×2
    106. Wind ×2
    107. Construction VehicleCon vehicle
    108. Wind ×4
    109. Dragon's TeethDragon's Teeth
    110. Wind
    111. Dragon's TeethDragon's Teeth
    112. Wind ×2
    113. Dragon's TeethDragon's Teeth
    114. Wind ×2
    115. Dragon's TeethDragon's Teeth
    116. Wind
    117. Dragon's TeethDragon's Teeth
    118. Wind
    119. Pit BullPit Bull
    120. Wind
    121. Converter
    122. Wind ×4
    123. Advanced Vehicle PlantAdvanced Vehicle Plantdone 14:57
    124. Wind ×8
    125. Vehicle PlantEat Vehicle Plantreclaimed for its metal
    126. Wind ×2
    127. Converter
    128. Wind ×6
    129. Converter
    130. Wind ×3
    131. Converter
    132. Wind ×5
    133. Converter

Counts are medians over the build's games: half of them build more, half fewer. The example game is [crd]sisa's (45 OS, 08/10/2026); pick another.

Team trades

IN AT LEAST 30% OF ITS GAMES

You hand over

Nothing regular.

You get

  • Tidal Generator4 Tidal from Pondfirst at 0:11 · in 71% of games
  • Advanced Construction Bot1 T2 con bot from Tech or Geofirst at 8:26 · in 46% of games

How it plays out

Typical game of this build against the role’s standard build, running totals by minute

  • This build
  • Standard suicide front

Metal produced

010k20k
0:005:0010:0015:00

metal

Enemy metal destroyed

05k10k
0:005:0010:0015:00

metal

Own metal lost

05k10k
0:005:0010:0015:00

metal

110 games.

Show as table
ByMetal produced: This buildMetal produced: Standard suicide frontEnemy metal destroyed: This buildEnemy metal destroyed: Standard suicide frontOwn metal lost: This buildOwn metal lost: Standard suicide front
1:003112300000
2:0094488721000
3:0019222009272184130130
4:0029593110798645573501
5:00399341841509135612331000
6:00509653472180218320811708
7:00627765393768305133392597
8:00738677604606393844283503
9:00843990465296469350854376
10:009395104185796531458125163
11:0010717118946419585766855965
12:0012081136067110640676276686
13:0013781154127602687686347439
14:0014511173067984750389448212
15:0016570192928187810995828997
WHAT THE NUMBERS SAY

Won less often than the standard Suicide front build despite destroying more enemy metal.

  • + Destroys 10959 metal by 15:00 vs standard's 8295
  • + Mace committed by 2:03, far ahead of the 10% norm
  • − Own losses run higher, 11331 vs 9179 by 15:00
  • − Metal produced trails standard by 15:00, 18386 vs 20141
THE EXAMPLE YOU ARE READING

[crd]sisa

45.0 OS · 08/10/2026

Open source match ↗

6 received units · includes a constructor
293 metal received · 28435 energy received

Allied construction assistance is unknown. Timings are observations, not a promise of solo reproducibility.

Typical milestones

Bot Lab0:42Middle 50%: 0:27–0:58 · n=110
Advanced Metal Extractor10:25Middle 50%: 9:03–11:35 · n=67

Played most by

[crd]sisa49games of this buildChaoticNoob10games of this build[Fx]Doo8games of this buildHorlof5games of this buildXXMACGAMERXX4games of this build